 Dungeon Crawl Stone Soup version 0.28-a0-1506-g3893175d92 (webtiles) character file.

Game seed: 17831820702333851856

634 knot the Chopper (level 7, -6/52 HPs)
             Began as a Demonspawn Berserker on Jan 14, 2022.
             Mangled by a polar bear (16 damage)
             ... created by the rage of Trog
             ... on level 4 of the Dungeon.
             The game lasted 00:04:02 (3813 turns).

knot the Chopper (Demonspawn Berserker)             Turns: 3813, Time: 00:04:02

Health: -6/52      AC:  9    Str: 14    XL:     7   Next: 25%
Magic:  7/7        EV: 10    Int: 11    God:
Gold:   202        SH:  0    Dex: 12    Spells: 6/6 levels left

rFire   + + +      SeeInvis +   i - +9 war axe of Ashenzari's Regard {pain, *Corrode rF+++ Str-3 SInv}
rCold   . . .      Faith    .   (no shield)
rNeg    . . .      Spirit   .   c - +1 ring mail
rPois   .          Reflect  .   (no helmet)
rElec   .          Harm     .   l - +0 cloak
rCorr   .          Rampage  .   (no gloves)
Will    .....                   (no boots)
Stlth   ..........              (no amulet)
HPRegen 0.17/turn               (no ring)
MPRegen 0.10/turn               (no ring)

@: silenced
A: icy blue scales 1, ignite blood 2, demonic touch 2
a: no special abilities


You were on level 4 of the Dungeon.
You visited 1 branch of the dungeon, and saw 4 of its levels.

You collected 202 gold pieces.

Inventory:

Hand Weapons
 a - a +0 hand axe
 i - the +9 war axe of Ashenzari's Regard (weapon) {pain, *Corrode rF+++ Str-3 SInv}
   (You found it on level 3 of the Dungeon)

   In the hands of one skilled in necromantic magic, it inflicts extra damage on
   living creatures.
   Str:       It affects your strength (-3).
   rF:        It renders you almost immune to fire.
   SInv:      It lets you see invisible.
   *Corrode:  It may corrode you when you take damage.
Missiles
 b - 92 stones
 d - 14 poisoned darts (quivered)
Armour
 c - a +1 ring mail (worn)
 l - a +0 cloak (worn)
Jewellery
 m - a ring of fire
Scrolls
 e - 3 scrolls of identify {unknown}
 h - 2 scrolls of teleportation {unknown}
 k - a scroll of vulnerability {unknown}
 o - a scroll of fear {unknown}
 p - a scroll of torment {unknown}
Potions
 f - 2 potions of heal wounds {unknown}
 g - a potion of might {unknown}
 j - a potion of attraction {unknown}


   Skills:
 - Level 3.0 Fighting
 + Level 7.7 Axes
 - Level 1.7 Armour
 - Level 1.7 Dodging


You had 6 spell levels left.
You didn't know any spells.
Your spell library contained the following spells:

 Spells                   Type           Power      Damage    Failure   Level
 Beastly Appendage        Tmut           0%         N/A       56%         1
 Wereblood                Tmut           0%         N/A       71%         2
 Spider Form              Tmut/Pois      0%         N/A       91%         3


Dungeon Overview and Level Annotations

Branches:
Dungeon (4/15)
 Temple: D:4-7

Altars:


Innate Abilities, Weirdness & Mutations

You are partially covered in icy blue scales. (AC +2)
Your demonic aura often causes spilled blood to erupt in flames.
Your touch may inflict irresistible damage on your foes.


Message History

A polar bear and 3 black bears come into view.
There are monsters nearby!
You completely miss the black bear.
You touch the black bear!
The black bear is lightly wounded.
You slash the black bear! You barely miss the black bear.
Your touch misses the black bear.
The black bear is lightly wounded.
You hit the black bear.
The black bear is engulfed in blazing flames.
The black bear bites you but does no damage.
The black bear claws you but does no damage.
The black bear claws you.
The black bear bites you but does no damage.
The black bear claws you but does no damage.
The black bear closely misses you.
You barely miss the black bear.
You punch the black bear, but do no damage.
The black bear is severely wounded.
You hit the black bear. The black bear closely misses you.
The black bear misses you.
The black bear claws you but does no damage.
The black bear is engulfed in blazing flames.
The black bear bites you but does no damage.
The black bear claws you.
The black bear claws you but does no damage.
The black bear is engulfed in blazing flames.
You kill the black bear!
That felt strangely unrewarding.
You closely miss the polar bear. You hit the black bear.
The black bear is engulfed in blazing flames.
The black bear bites you.
The black bear claws you but does no damage.
The black bear claws you. The polar bear bites you!!
* * * LOW HITPOINT WARNING * * *
The polar bear barely misses you.
The polar bear claws you but does no damage.
As you read the scroll labelled JABUBO WADUO, it crumbles to dust.
A profound silence engulfs you.
It was a scroll of silence.
The polar bear bites you!
You die...

######### #......$######
####.##...h.....#
#.......##h####.#
#.##.#####@# #.# #.##.#
#h# #.# #)##..
.)####.#### ####.#####
#####......# #.).>..#
##.#.##.#
###.##.#.########.###.#.#
#.........##.....#.#..#.#
#.#.#####.##.....#..#.#.#
#.#.# #.##.....#.##.#.# #


You could see a polar bear (berserk, unsilenced) and 2 black bears.

Vanquished Creatures
  Grinder (D:3)
  An orc warrior (D:4)
  A black bear (D:4)
  2 orc priests (D:4)
  2 hounds (D:4)
  A jelly (D:4)
  An iguana (D:4)
  An orc wizard (D:4)
  7 adders
  3 worms
  11 orcs
  2 bats
  6 endoplasms
  2 giant cockroaches (D:2)
  4 hobgoblins
  2 jackals (D:4)
  4 quokkas
  6 ball pythons
  4 frilled lizards
  3 goblins
  9 kobolds
  3 rats (D:1)
76 creatures vanquished.

Notes
Turn   | Place    | Note
-------+----------+-------------------------------------------
     0 | D:1      | knot the Demonspawn Berserker began the quest for the Orb.
     0 | D:1      | Reached XP level 1. HP: 18/18 MP: 1/1
   143 | D:1      | Reached skill level 3 in Axes
   214 | D:1      | Gained mutation: Your touch may inflict minor irresistible
                  | damage on your foes. [demonic ancestry]
   214 | D:1      | Reached XP level 2. HP: 22/24 MP: 2/2
   414 | D:1      | Found a faded altar of an unknown god.
  1118 | D:2      | Reached XP level 3. HP: 29/29 MP: 3/3
  1136 | D:2      | Reached skill level 4 in Axes
  2086 | D:3      | Gained mutation: Your touch may inflict irresistible damage
                  | on your foes. [demonic ancestry]
  2086 | D:3      | Reached XP level 4. HP: 16/35 MP: 4/4
  2446 | D:3      | Identified the +9 war axe of Ashenzari's Regard {pain,
                  | *Corrode rF+++ Str-3 SInv}
  2574 | D:3      | Noticed Grinder
  2576 | D:3      | Paralysed by Grinder for 6 turns
  2595 | D:3      | Killed Grinder
  2596 | D:3      | Reached skill level 6 in Axes
  2596 | D:3      | Gained mutation: Your demonic aura sometimes causes spilled
                  | blood to erupt in flames. [demonic ancestry]
  2596 | D:3      | Reached XP level 5. HP: 13/41 MP: 5/5
  2596 | D:3      | Gained mutation: Your demonic aura often causes spilled
                  | blood to erupt in flames. [demonic ancestry]
  2596 | D:3      | Reached XP level 6. HP: 15/47 MP: 6/6
  3158 | D:4      | Noticed an orc warrior
  3160 | D:4      | Fell from the grace of Trog
  3163 | D:4      | Killed an orc warrior
  3164 | D:4      | Reached skill level 7 in Axes
  3170 | D:4      | HP: 1/47 [orc (5)]
  3575 | D:4      | Gained mutation: You are partially covered in icy blue
                  | scales. (AC +2) [demonic ancestry]
  3575 | D:4      | Reached XP level 7. HP: 52/52 MP: 7/7
  3809 | D:4      | Noticed a polar bear
  3813 | D:4      | Mangled by a polar bear

Illustrated notes

Levels and vault maps discovered:
D:1:      roderic_octagonal_star, layout_loops_corners,
          shapermc_ecumenical_altar_acropolis, st_stairs_4
D:2:      layout_basic
D:3:      layout_rooms, uniq_grinder
D:4:      layout_loops_cross, guppyfry_early_orc_mine

Skill      XL: |  1  2  3  4  5  6 |
---------------+-------------------+-----
Axes           | 3 4 6 7 |  7.7
Fighting       | |  3.0
Armour         | |  1.7
Dodging        | |  1.7

Action                   |  1- 3 |  4- 6 |  7- 9 || total
-------------------------+-------+-------+-------++-------
Melee: Hand axe          |    98 |       |       ||    98
       Touch             |     9 |     9 |     2 ||    20
       War axe           |       |    45 |    24 ||    69
       Punch             |       |     3 |     1 ||     4
Throw: Dart              |     4 |     8 |       ||    12
Invok: Berserk           |     2 |       |       ||     2
  Use: Scroll            |     2 |       |     1 ||     3
Armor: Ring mail         |    32 |    21 |    14 ||    67
       Animal skin       |     1 |       |       ||     1
Dodge: Dodged            |    73 |    14 |    10 ||    97

Table legend: (Time is in decaauts)
 A = Elapsed time spent in this place.
 B = Non-inter-level travel time spent in this place.
 C = Inter-level travel time spent in this place.
 D = Time resting spent in this place.
 E = Time spent auto-exploring this place.
 F = Levels seen in this place.
 G = Mean time per level.
                   A        B        C        D        E       F      G
               +--------+--------+--------+--------+--------+-----+--------+
         Total |   3855 |   3782 |     73 |   1428 |   1938 |   4 |  963.8 |
       Dungeon |   3855 |   3782 |     73 |   1428 |   1938 |   4 |  963.8 |
               +--------+--------+--------+--------+--------+-----+--------+

Top non-repeatable levels by time:
     D:3: 1382 daAuts
     D:1: 1030 daAuts
     D:4: 800 daAuts
     D:2: 642 daAuts
